 Dungeon Crawl Stone Soup version 0.18-a0-1070-gd466a24 (webtiles) character file.

183 wvc the Skirmisher (level 5, -4/57 HPs)
             Began as an Ogre Wizard on Jan 14, 2016.
             Slain by a gnoll
             ... wielding a +0 halberd
              (9 damage)
             ... on level 2 of the Dungeon.
             The game lasted 00:07:10 (3460 turns).

wvc the Skirmisher (Ogre Wizard)                    Turns: 3460, Time: 00:07:11

Health: -4/57      AC:  3    Str: 17    XL:     5   Next: 62%
Magic:  10/10      EV: 10    Int: 18    God:
Gold:   104        SH:  0    Dex:  8    Spells: 3 memorised, 6 levels left

rFire  . . .     SeeInvis .     f - +0 mace
rCold  . . .     Gourm    .     a - +0 robe
rNeg   . . .     Faith    .     (no shield)
rPois  .         Spirit   .     b - +0 hat
rElec  .         Dismiss  .     (no cloak)
rCorr  .         Reflect  .     (gloves unavailable)
SustAt .         Harm     .     (boots unavailable)
MR     .....                    (no amulet)
Stlth  +.........               (no ring)
                                (no ring)

@: mighty, very slightly contaminated, hasted, repel missiles, very quick, not
resistant to hostile enchantments, very unstealthy
A: unfitting armour, tough skin 1
a: no special abilities


You were on level 2 of the Dungeon.
You were not hungry.

You visited 1 branch of the dungeon, and saw 3 of its levels.

You collected 104 gold pieces.

Inventory:

Hand Weapons
 f - a +0 mace (weapon)
 i - a +0 whip
Armour
 a - a +0 robe (worn)
 b - a +0 hat (worn)
 o - a +2 shield
Wands
 q - a wand of magic darts (47/48)
Scrolls
 j - a scroll of identify
 k - a scroll of remove curse
 m - a scroll of recharging
Potions
 e - a potion of cure mutation
 p - a potion of ambrosia
 s - 2 potions of curing
Books
 c - a book of Minor Magic

   Spells                             Type                      Level
   a - Magic Dart                     Conjuration                  1
   b - Blink                          Translocation                2
   c - Call Imp                       Summoning                    2
   d - Repel Missiles                 Charms/Air                   2
   e - Slow                           Hexes                        2
   f - Conjure Flame                  Conjuration/Fire             3
   g - Mephitic Cloud                 Conjuration/Poison/Air       3
 r - a book of Enchantments

   Spells                             Type                      Level
   a - Cause Fear                     Hexes                        4
   b - Yara's Violent Unravelling     Hexes/Transmutation          5
   c - Silence                        Hexes/Air                    5
   d - Deflect Missiles               Charms/Air                   6
   e - Haste                          Charms                       6
   f - Discord                        Hexes                        8
Comestibles
 d - 3 bread rations


   Skills:
 * Level 5.3 Fighting
 * Level 3.6 Maces & Flails
 - Level 2.0 Dodging
 - Level 1.5 Stealth
 - Level 3.6 Spellcasting
 - Level 0.6 Conjurations
 + Level 0.1 Charms
   Level 0.6 Summonings
 + Level 0.6 Translocations


You had 6 spell levels left.
You knew the following spells:

 Your Spells              Type           Power        Failure   Level  Hunger
a - Magic Dart            Conj           #...         12%         1    None
b - Blink                 Tloc           N/A          17%         2    ##.....
c - Repel Missiles        Chrm/Air       #.....       28%         2    ##.....


Dungeon Overview and Level Annotations

Branches:
Dungeon (3/15)

Altars:


Innate Abilities, Weirdness & Mutations

You are too large for most types of armour.
You have tough skin (AC +1).


Message History

You start resting.
The gnoll shouts!
The gnoll hits you from afar with a halberd!
* * * LOW HITPOINT WARNING * * *
Things that are here:
a mace; a leather armour
f - a mace Read which item? (? for menu, Esc to quit)
Okay, then.
Drink which item? (? for menu, Esc to quit)
You feel very mighty all of a sudden.
The gnoll hits you from afar with a halberd!
* * * LOW HITPOINT WARNING * * *
Drink which item? (? for menu, Esc to quit)
You feel yourself speed up. The gnoll closely misses you.
You are very lightly contaminated with residual magic.
Wield which item (- for none, * to show all)? (? for menu, Esc to quit)
f - a +0 mace (weapon)
The gnoll hits you with a halberd!
You die...

#..........# ###...[#
#..........# #....###
#..........# ##.##.#
#..........# #..#..#
#####..........#####.##..#
...............##....##..#
#####....รท.....##.#####.##
#..........#..# #.#
#######.##.[@######.####
#####....g## #.......#
###......##..# #.......#
#...########.# #.......#
#.### #####.###.......#
#####.# #....<..........#
...)..# #...............#
####### #...............#
#........########


You could see a gnoll.

Vanquished Creatures
  A jelly (D:2)
  An orc priest (D:2)
  A gnoll (D:2)
  5 adders
  3 oozes
  3 orcs
  2 ball pythons
  3 giant cockroaches
  6 goblins
  11 hobgoblins
  3 kobolds
  6 bats
  A giant newt (D:2)
  5 rats
51 creatures vanquished.

Notes
Turn   | Place    | Note
--------------------------------------------------------------
     0 | D:1      | wvc the Ogre Wizard began the quest for the Orb.
     0 | D:1      | Reached XP level 1. HP: 16/16 MP: 5/5
   194 | D:1      | Reached skill level 1 in Fighting
   629 | D:1      | Reached XP level 2. HP: 28/28 MP: 6/6
   928 | D:1      | Reached skill level 1 in Maces & Flails
   991 | D:1      | Learned a level 2 spell: Blink
   994 | D:1      | Learned a level 2 spell: Repel Missiles
  1265 | D:2      | Reached XP level 3. HP: 36/36 MP: 8/8
  1757 | D:2      | Reached XP level 4. HP: 8/48 MP: 9/9
  2205 | D:2      | Reached skill level 4 in Fighting
  2600 | D:2      | Reached XP level 5. HP: 48/55 MP: 1/10
  2733 | D:3      | Found a faded altar to an unknown god.
  3142 | D:3      | Reached skill level 5 in Fighting
  3460 | D:2      | Slain by a gnoll

Vault maps used:
D:1:      scummos_arrival_star
D:3:      nicolae_overflow_hidden_temple, ecumenical_altar_2

Action                   |  1- 3 |  4- 6 || total
-------------------------+-------+-------++-------
Melee: Whip              |   125 |   111 ||   236
 Cast: Magic Dart        |    15 |    46 ||    61
       Repel Missiles    |     1 |       ||     1
  Use: Potion            |       |     4 ||     4
       Scroll            |       |    10 ||    10
 Stab: Sleeping          |     1 |     1 ||     2
  Eat: Pizza             |     1 |       ||     1
       Beef jerky        |     1 |       ||     1
       Bread ration      |       |     1 ||     1
       Chunk             |       |     1 ||     1
